 Dungeon Crawl Stone Soup version 0.21-a0-84-g85d6d27 (webtiles) character file.

12970 slavetoarmok the Covert (level 11, -2/81 HPs)
             Began as a Vampire Enchanter on June 28, 2017.
             Was an Elder of Yredelemnul.
             Shot with an arrow by a centaur warrior (10 damage)
             ... on level 11 of the Dungeon.
             The game lasted 00:46:16 (15930 turns).

slavetoarmok the Covert (Vampire Enchanter)        Turns: 15930, Time: 00:46:16

Health: -2/81      AC:  8    Str:  7    XL:     11   Next: 69%
Magic:  0/20       EV: 12    Int: 22    God:    Yredelemnul [****..]
Gold:   488        SH:  0    Dex: 14    Spells: 5/22 levels left

rFire    . . .     SeeInvis +   a - +2 dagger
rCold    + . .     Gourm    .   (no shield)
rNeg     + + .     Faith    .   K - +0 troll leather armour
rPois    .         Spirit   .   R - +1 hat
rElec    .         Reflect  .   s - +1 cloak
rCorr    .         Harm     .   y - +0 pair of gloves
MR       +....                  (no boots)
Stlth    +++++.....             (no amulet)
HPRegen  0.63/turn              I - ring of positive energy
MPRegen  0.17/turn              i - ring of protection from cold

@: no status effects
A: fangs 3, see invisible, unbreathing
a: Bat Form, Recall Undead Slaves, Injury Mirror, Animate Dead, Drain Life,
Renounce Religion


You were on level 11 of the Dungeon.
You worshipped Yredelemnul.
Yredelemnul was greatly pleased with you.
You were not thirsty.

You visited 1 branch of the dungeon, and saw 11 of its levels.

You collected 657 gold pieces.
You spent 169 gold pieces at shops.

Inventory:

Hand Weapons
 a - a +2 dagger (weapon)
Missiles
 r - a throwing net (quivered)
Armour
 s - a +1 cloak (worn)
 y - a +0 pair of gloves (worn)
 K - a +0 troll leather armour (worn)
 R - a +1 hat (worn)
Jewellery
 b - a +2 ring of slaying {unknown}
 g - an uncursed ring of flight
 i - a ring of protection from cold (right hand)
 t - a cursed ring of loudness {unknown}
 I - a ring of positive energy (left hand)
Wands
 u - a wand of lightning (2/15)
 v - a wand of acid (5/15)
 z - a wand of acid (11/15)
 C - a wand of scattershot (4/9)
 E - a wand of clouds (4/9)
 J - a wand of confusion (31/48)
 N - a wand of scattershot (4/9)
 P - a wand of scattershot (3/9)
Scrolls
 f - 2 scrolls of enchant weapon
 h - 4 scrolls of fog
 k - 4 scrolls of teleportation
 o - 8 scrolls of identify
 p - 2 scrolls of recharging
 w - a scroll of noise {unknown}
 x - a scroll of enchant armour
 A - 3 scrolls of remove curse
 D - a scroll of blinking {unknown}
 O - a scroll of random uselessness {unknown}
Potions
 d - 2 potions of agility
 e - 7 potions of curing
 j - 4 potions of might
 m - 4 potions of magic
 n - 5 potions of heal wounds
 q - 19 potions of blood
 B - a potion of haste {unknown}
 F - a potion of mutation
 G - 2 potions of berserk rage
 H - 3 potions of invisibility
 Q - a potion of degeneration {unknown}
 S - a potion of ambrosia {unknown}
 T - 2 potions of flight {unknown}
Books
 c - a book of Maledictions

   Spells                             Type                      Level
   a - Corona                         Hexes                        1
   b - Ensorcelled Hibernation        Hexes/Ice                    2
   c - Confuse                        Hexes                        3
   d - Tukima's Dance                 Hexes                        3
   e - Dazzling Spray                 Conjuration/Hexes            3
 l - a book of Minor Magic

   Spells                             Type                      Level
   a - Magic Dart                     Conjuration                  1
   b - Blink                          Translocation                2
   c - Call Imp                       Summoning                    2
   d - Slow                           Hexes                        2
   e - Conjure Flame                  Conjuration/Fire             3
   f - Mephitic Cloud                 Conjuration/Poison/Air       3
 L - a book of Frost

   Spells                             Type                      Level
   a - Freeze                         Ice                          1
   b - Throw Frost                    Conjuration/Ice              2
   c - Ozocubu's Armour               Charms/Ice                   3
   d - Throw Icicle                   Conjuration/Ice              4
   e - Summon Ice Beast               Ice/Summoning                4
 M - a book of Clouds

   Spells                             Type                      Level
   a - Poisonous Vapours              Poison/Air                   2
   b - Mephitic Cloud                 Conjuration/Poison/Air       3
   c - Conjure Flame                  Conjuration/Fire             3
   d - Freezing Cloud                 Conjuration/Ice/Air          6
   e - Ring of Flames                 Charms/Fire                  7


   Skills:
 - Level 6.1 Fighting
 - Level 6.7 Short Blades
 - Level 2.1 Dodging
 + Level 12.5 Stealth
 - Level 6.3 Spellcasting
 + Level 4.5 Conjurations
 - Level 11.3 Hexes
 + Level 2.1 Translocations
 - Level 7.6 Invocations


You had 5 spell levels left.
You knew the following spells:

 Your Spells              Type           Power        Failure   Level  Hunger
a - Corona                Hex            ######.      1%          1    None
b - Ensorcelled Hibernat  Hex/Ice        ####..       1%          2    None
c - Confuse               Hex            ######..     1%          3    #......
e - Tukima's Dance        Hex            ######..     1%          3    #......
f - Mephitic Cloud        Conj/Pois/Air  ##......     22%         3    #......
g - Dazzling Spray        Conj/Hex       #####.       1%          3    #......
z - Blink                 Tloc           N/A          9%          2    None


Dungeon Overview and Level Annotations

Branches:
Dungeon (11/15)            Temple (0/1) D:7            Lair (0/6) D:10
    Orc (0/2) D:11

Altars:
Ashenzari
Cheibriados
Dithmenos
Gozag
Okawaru
Qazlal
Trog
Vehumet
Xom
Yredelemnul
Zin
The Shining One

Shops:
D:4 !

Annotations:
D:11 Fannar, Josephine


Innate Abilities, Weirdness & Mutations

You have razor-sharp teeth.
You have supernaturally acute eyesight. (SInv)
You can survive without breathing.


Message History

You swap places.
The centaur warrior shoots an arrow.
The arrow hits your flying skull!
Your flying skull is destroyed!
The centaur shoots an arrow.
The arrow hits you!
* * * LOW HITPOINT WARNING * * *
You hear a shout!
A centaur comes into view.
You see here 3 arrows.
You swap places.
The centaur warrior shoots an arrow.
The arrow barely misses your flying skull.
The arrow hits you.
* * * LOW HITPOINT WARNING * * *
The centaur shoots an arrow.
The arrow misses your flying skull. The arrow hits you.
* * * LOW HITPOINT WARNING * * *
The centaur warrior shoots an arrow.
The arrow barely misses your flying skull.
The arrow hits you!
You die...
Yredelemnul claims you as an undead slave.

#############
#..zz.......#
#.#########.# #z# #z# #z#
#z# ######.#########.#
#....#....z...##.#
#....########z##.########
#..[.###### #@##.(......#
####..........
#(##..#####)####
....@>..c..... #(##..#
#z#..# #####+##We....
#z##..# #z#..# !.....
#cc#..# #.#..# #### .....
##c#..# #.#zz# ...# .ce..
.c..# #.##z## ...# ..c.
.##.# #..z..# ...# ....
.##.# #######


You could see a centaur warrior, 2 centaurs and 2 friendly flying skulls.

Vanquished Creatures
  An ice dragon (D:10)
  2 two-headed ogres (D:10)
  The ghost of sscrono2 the Grappler, a novice TrMo (D:8)
  The ghost of Vibarexel the Geomancer, a novice DEEE of Sif Muna (D:7)
  A troll (D:11)
  A hornet (D:11)
  A hippogriff (D:6)
  3 hogs (D:7)
  2 wraiths (D:11)
  8 yaks
  A human (D:7)
  A hungry ghost (D:11)
  Edmund (D:4)
  A water moccasin (D:6)
  A porcupine (D:10)
  3 sky beasts
  An ice beast (D:9)
  2 orc warriors (D:6)
  4 black bears
  A necrophage (D:9)
  A phantom (D:9)
  5 ogres
  4 centaurs
  3 crocodiles
  2 big kobolds
  A gnoll sergeant (D:7)
  6 bullfrogs
  A wyvern zombie (D:8)
  5 scorpions
  2 wights
  3 killer bees (D:10)
  2 electric eels (D:10)
  2 howler monkeys (D:6)
  3 centaur zombies
  3 crimson imps
  A bullfrog zombie (D:7)
  2 quasits
  4 orc priests
  A jelly (D:6)
  4 hounds
  Crazy Yiuf (D:2)
  2 bullfrog skeletons
  5 iguanas
  Jessica (D:3)
  Terence (D:2)
  4 orc wizards
  8 worker ants
  A hound zombie (D:10)
  3 hound skeletons
  A worker ant zombie (D:6)
  8 gnolls
  A howler monkey skeleton (D:9)
  13 adders
  A shadow imp (D:7)
  An ooze (D:4)
  An adder skeleton (D:6)
  2 worms
  3 dart slugs
  5 leopard geckos
  35 orcs
  4 ball pythons
  7 giant cockroaches
  2 gnoll zombies (D:2)
  11 goblins
  8 hobgoblins
  18 jackals
  8 quokkas
  11 bats
  6 frilled lizards
  A jackal skeleton (D:4)
  15 kobolds
  A leopard gecko skeleton (D:8)
  7 rats
288 creatures vanquished.

Vanquished Creatures (collateral kills)
  Gastronok (D:11)
  A two-headed ogre (D:10)
  An ugly thing (D:10)
  A troll (D:10)
  A hippogriff (D:11)
  A yak (D:11)
  A water moccasin (D:9)
  A crocodile (D:10)
  3 ogres
  A scorpion (D:10)
  A killer bee (D:10)
  A crimson imp (D:8)
  A hound (D:9)
  A jelly (D:9)
  2 orc priests (D:9)
  An iguana (D:10)
  A gnoll (D:9)
  2 adders
  A leopard gecko (D:9)
  An orc (D:9)
24 creatures vanquished.

Vanquished Creatures (others)
  3 flying skulls
  A wraith (D:11)
  A wight (D:10)
5 creatures vanquished.

Grand Total: 317 creatures vanquished

Notes
Turn   | Place    | Note
-------+----------+-------------------------------------------
     0 | D:1      | slavetoarmok the Vampire Enchanter began the quest for the Orb.
     0 | D:1      | Reached XP level 1. HP: 13/13 MP: 3/3
   237 | D:1      | Reached XP level 2. HP: 19/19 MP: 5/5
   241 | D:1      | Learned a level 2 spell: Ensorcelled Hibernation
   345 | D:1      | Reached skill level 5 in Stealth
   711 | D:1      | Reached XP level 3. HP: 22/24 MP: 1/6
   716 | D:1      | Learned a level 3 spell: Confuse
  1014 | D:2      | Noticed Terence
  1021 | D:2      | Killed Terence
  1021 | D:2      | Reached skill level 6 in Stealth
  1021 | D:2      | Reached XP level 4. HP: 30/30 MP: 7/7
  1327 | D:2      | Found a glowing silver altar of Zin.
  1990 | D:2      | Found a basalt altar of Yredelemnul.
  2098 | D:2      | Became a worshipper of Yredelemnul the Dark
  2242 | D:2      | Found a runed door.
  2246 | D:2      | Noticed Crazy Yiuf
  2252 | D:2      | Killed Crazy Yiuf
  2252 | D:2      | Reached XP level 5. HP: 35/35 MP: 4/8
  2292 | D:3      | Found a radiant altar of Vehumet.
  2315 | D:3      | Noticed Jessica
  2322 | D:3      | Killed Jessica
  2322 | D:3      | Reached skill level 5 in Hexes
  2357 | D:3      | Found an opulent altar of Gozag.
  3012 | D:3      | Found a shimmering altar of Xom.
  3100 | D:3      | Found a shattered altar of Ashenzari.
  3298 | D:4      | Noticed an ogre
  3315 | D:4      | Killed an ogre
  3315 | D:4      | Reached XP level 6. HP: 41/41 MP: 2/10
  3317 | D:4      | Reached * piety under Yredelemnul
  3831 | D:4      | Noticed Edmund
  3850 | D:4      | Killed Edmund
  3850 | D:4      | Reached XP level 7. HP: 39/46 MP: 4/13
  3992 | D:4      | Found an iron altar of Okawaru.
  4379 | D:4      | Found Fitiupe's Distillery.
  4382 | D:4      | Bought a potion of curing for 39 gold pieces
  4382 | D:4      | Bought a potion of heal wounds for 65 gold pieces
  4382 | D:4      | Bought a potion of heal wounds for 65 gold pieces
  4954 | D:4      | Found a bloodstained altar of Trog.
  5023 | D:4      | Found a snail-covered altar of Cheibriados.
  5045 | D:5      | Entered Level 5 of the Dungeon
  5048 | D:5      | Reached skill level 1 in Fighting
  5048 | D:5      | Reached skill level 7 in Stealth
  5119 | D:5      | Found a glowing golden altar of the Shining One.
  5543 | D:5      | Reached XP level 8. HP: 50/56 MP: 9/14
  5813 | D:6      | Reached skill level 8 in Stealth
  5818 | D:6      | Reached skill level 5 in Short Blades
  5996 | D:6      | Reached ** piety under Yredelemnul
  6015 | D:6      | Noticed a hippogriff
  6065 | D:6      | Killed a hippogriff
  6065 | D:6      | Reached skill level 9 in Stealth
  6489 | D:6      | Reached skill level 10 in Stealth
  6659 | D:6      | Reached XP level 9. HP: 41/66 MP: 1/15
  7676 | D:7      | Learned a level 2 spell: Blink
  7680 | D:7      | Learned a level 3 spell: Tukima's Dance
  7747 | D:7      | Reached *** piety under Yredelemnul
  7758 | D:7      | Learned a level 3 spell: Mephitic Cloud
  7900 | D:7      | Reached skill level 5 in Fighting
  7900 | D:7      | Reached skill level 1 in Conjurations
  7930 | D:7      | Reached skill level 5 in Spellcasting
  8527 | D:7      | Found a staircase to the Ecumenical Temple.
  8587 | D:7      | Noticed Vibarexel's ghost (novice DEEE)
  8642 | D:7      | Killed Vibarexel's ghost
  9067 | D:8      | Reached XP level 10. HP: 55/76 MP: 11/18
  9070 | D:8      | Reached **** piety under Yredelemnul
  9295 | D:8      | Noticed sscrono2's ghost (novice TrMo)
  9655 | D:8      | Killed sscrono2's ghost
  9655 | D:8      | Reached skill level 10 in Hexes
  9677 | D:8      | Reached skill level 1 in Invocations
  9865 | D:8      | Received a gift from Yredelemnul (a wight)
 10763 | D:9      | Received a gift from Yredelemnul (2 flying skulls)
 10806 | D:9      | Found a stormy altar of Qazlal.
 11264 | D:9      | Learned a level 3 spell: Dazzling Spray
 11369 | D:10     | Entered Level 10 of the Dungeon
 11395 | D:10     | Reached skill level 5 in Invocations
 11661 | D:10     | Found a staircase to the Lair.
 12239 | D:10     | Noticed a two-headed ogre
 12243 | D:10     | Noticed a two-headed ogre
 12405 | D:10     | Noticed a green ugly thing
 12422 | D:10     | Killed a two-headed ogre
 12422 | D:10     | Reached XP level 11. HP: 44/81 MP: 1/20
 12761 | D:11     | Found a labyrinth entrance.
 12761 | D:11     | Noticed Gastronok
 12795 | D:11     | Noticed a two-headed ogre
 13153 | D:10     | Killed a two-headed ogre
 13215 | D:9      | Received a gift from Yredelemnul (a wraith)
 13595 | D:10     | Killed a two-headed ogre
 13595 | D:10     | Reached skill level 11 in Stealth
 14438 | D:11     | Killed Gastronok
 14473 | D:11     | Found a staircase to the Orcish Mines.
 14536 | D:11     | Noticed Josephine
 14540 | D:11     | Noticed Fannar
 14541 | D:11     | Noticed a centaur warrior
 14685 | D:10     | Reached skill level 12 in Stealth
 14940 | D:10     | Noticed an ice dragon
 15013 | D:10     | Killed an ice dragon
 15013 | D:10     | Reached skill level 1 in Translocations
 15175 | D:10     | You fall through a shaft!
 15259 | D:10     | Found a shadowy altar of Dithmenos.
 15511 | D:10     | Received a gift from Yredelemnul (3 flying skulls)
 15523 | D:10     | Killed a green ugly thing
 15794 | D:11     | Noticed a purple ugly thing
 15930 | D:11     | Shot with an arrow by a centaur warrior

Vault maps used:
D:1:      grunt_arrival_lava_bath, minmay_pentomino_q2
D:2:      lemuel_zombie_altar_yredelemnul, zin_statuary, uniq_terence,
          uniq_crazy_yiuf_cottage
D:3:      cheibrodos_helix_gallery, xom_teletrap_fun, overflow_temple_1_default,
          grunt_gozag_breadcrumbs, first_bread, nicolae_ashenzari_panopticon,
          uniq_jessica
D:4:      bloody_trog, nicolae_overflow_hidden_temple, kennysheep_slug_shrine,
          serial_shops, kennysheep_mini, hangedman_glass_garden,
          grunt_ministairs_9, uniq_edmund
D:5:      kennysheep_little_box
D:7:      temple_pool_b, grunt_livestock
D:8:      kennysheep_generic_room_15
D:9:      nicolae_qazlal_general_emergency
D:10:     dragon1_lemuel, minmay_lair_entry_grove, grunt_dithmenos_smoke
D:11:     orc_0_dummy, lab_entry_generic, uniq_gastronok, uniq_josephine,
          uniq_fannar

Skill      XL: |  1  2  3  4  5  6  7  8  9 10 11 |
---------------+----------------------------------+-----
Short Blades   | 2 3 4 6 |  6.7
Stealth        | 5 6 7 10 12 | 12.5
Hexes          | 6 7 8 9 10 11 | 11.3
Spellcasting   | 3 4 5 6 |  6.3
Fighting       | 2 4 5 6 |  6.1
Conjurations   | 2 4 |  4.5
Invocations    | 7 |  7.6
Translocations | 2 |  2.1
Dodging        | |  2.1

Action                   |  1- 3 |  4- 6 |  7- 9 | 10-12 || total
-------------------------+-------+-------+-------+-------++-------
Melee: Dagger            |   109 |   247 |   358 |   321 ||  1035
       Bite              |     7 |    12 |    41 |    37 ||    97
 Cast: Corona            |     2 |     4 |     3 |     3 ||    12
       Ensorcelled Hiber |     4 |    32 |   104 |    76 ||   216
       Confuse           |       |     2 |    52 |    98 ||   152
       Tukima's Dance    |       |       |       |     3 ||     3
       Blink             |       |       |       |     2 ||     2
  Use: Potion            |     3 |     5 |    21 |    21 ||    50
       Scroll            |       |     9 |       |     8 ||    17
 Stab: Sleeping          |    10 |    29 |    56 |    39 ||   134
       Confused          |       |     3 |    27 |    43 ||    73
       Distracted        |       |       |       |     3 ||     3
Armor: Robe              |    37 |    67 |    43 |    27 ||   174
       Troll leather arm |       |       |       |    35 ||    35
Dodge: Dodged            |    82 |   180 |   183 |   161 ||   606
